 Dungeon Crawl Stone Soup version 0.30-a0-439-g9e77e4d916 (webtiles) character file.

Game seed: 2475728513444654672

98 porpoise the Sneak (level 4, -6/21 HPs)
             Began as a Spriggan Enchanter on Dec 11, 2022.
             Was an Initiate of Hepliaklqana.
             Mangled by Crazy Yiuf
             ... wielding a +3 quarterstaff of chaos
              (11 damage)
             ... on level 3 of the Dungeon.
             The game lasted 00:15:22 (2662 turns).

porpoise the Sneak (Spriggan Enchanter)             Turns: 2662, Time: 00:15:23

Health: -6/21      AC:  2    Str:  4    XL:     4   Next: 43%
Magic:  9/9        EV: 17    Int: 16    God:    Hepliaklqana [......]
Gold:   104        SH:  0    Dex: 17    Spells: 1/9 levels left

rFire   . . .      SeeInvis +    a - +1 dagger
rCold   . . .      Faith    .    (no shield)
rNeg    . . .      Spirit   .    b - +0 robe
rPois   .          Reflect  .    (helmet restricted)
rElec   .          Harm     .    (no cloak)
rCorr   .          Rampage  .    (gloves unavailable)
Will    .....                    (boots unavailable)
Stlth   +++.......               e - amulet of the acrobat
HPRegen 0.23/turn                j - ring of flight
MPRegen 0.11/turn                (no ring)

@: flying, very quick
A: very small, no large weapons, unfitting armour, see invisible, speed 3
a: Renounce Religion


You were on level 3 of the Dungeon.
You worshipped Hepliaklqana.
Hepliaklqana was noncommittal.
You visited 2 branches of the dungeon, and saw 5 of its levels.

You collected 104 gold pieces.

Inventory:

Hand Weapons
 a - a +1 dagger (weapon)
Missiles
 g - 6 poisoned darts (quivered)
Armour
 b - a +0 robe (worn)
Jewellery
 e - an amulet of the acrobat (around neck)
 j - a ring of flight (left hand)
 p - an amulet of guardian spirit
Scrolls
 d - 2 scrolls of immolation
 f - a scroll of blinking {unknown}
 i - 2 scrolls of teleportation
 k - a scroll of fear {unknown}
 m - a scroll of amnesia {unknown}
 q - a scroll of noise {unknown}
Potions
 c - 2 potions of invisibility
 h - 4 potions of curing
 l - a potion of flight
 n - a potion of mutation {unknown}
 o - 4 potions of heal wounds
 r - a potion of brilliance {unknown}


   Skills:
 - Level 0.7 Fighting
 + Level 1.3 Short Blades
 - Level 2.6 Dodging
 + Level 5.2 Stealth
 - Level 3.0 Spellcasting
 * Level 4.7 Hexes
 * Level 1.4 Ice Magic


You had one spell level left.
You knew the following spells:

 Your Spells              Type           Power      Damage    Failure   Level
a - Ensorcelled Hibernat  Hex/Ice        24%        N/A       8%          2
t - Confusing Touch       Hex            17%        N/A       8%          3
z - Ozocubu's Armour      Ice            7%         N/A       30%         3

Your spell library contained the following spells:

 Spells                   Type           Power      Damage    Failure   Level
 Tukima's Dance           Hex            17%        N/A       8%          3
 Dazzling Flash           Conj/Hex       20%        N/A       22%         3
 Gell's Gravitas          Tloc           2%         N/A       50%         3
 Teleport Other           Tloc           2%         N/A       50%         3
 Metabolic Englaciation   Hex/Ice        6%         N/A       82%         5
 Dispersal                Tloc           1%         N/A       100%        6
 Simulacrum               Ice/Necr       2%         N/A       100%        6


Dungeon Overview and Level Annotations

Branches:
Dungeon (4/15)             Temple (1/1) D:4

Altars:
Ashenzari
Cheibriados
Fedhas
Gozag
Hepliaklqana
Kikubaaqudgha
Makhleb
Nemelex Xobeh
Qazlal
Ru
Trog
Uskayaw
Vehumet
Xom
Yredelemnul
Zin

Annotations:
D:3 Crazy Yiuf


Innate Abilities, Weirdness & Mutations

You are very small and have problems with some larger weapons.
You are too small for most types of armour.
You have supernaturally acute eyesight. (SInv)
You cover ground extremely quickly. (Speed+++)


Message History

Found a dagger.
The helpless rat fails to defend itself.
You impale the rat!!
You kill the rat!
q - a scroll labelled MANAUS OSUURAW You see here a +0 dagger.
There is a stone staircase leading up here.
There is a shaft here.
There is an open door here.
You reach down and open the door.
You reach down and open the door.
There is an open door here.
There is an open door here.
Found an escape hatch in the ceiling.
r - a ruby potion
Found a hammer.
Found a runed translucent door.
You reach down and open the door.
There is an open translucent door here.
Crazy Yiuf shouts!
Crazy Yiuf completely misses you.
You hit Crazy Yiuf.
Crazy Yiuf is moderately wounded.
Crazy Yiuf closely misses you.
You barely miss Crazy Yiuf.
Crazy Yiuf is moderately wounded.
Crazy Yiuf hits you with a +3 quarterstaff of chaos!
Ouch! That really hurt!
Crazy Yiuf freezes you.
* * * LOW HITPOINT WARNING * * *
You hit Crazy Yiuf but do no damage.
Crazy Yiuf is moderately wounded.
Crazy Yiuf completely misses you.
You hit Crazy Yiuf but do no damage.
Crazy Yiuf is moderately wounded.
Crazy Yiuf barely misses you.
You closely miss Crazy Yiuf.
Crazy Yiuf is moderately wounded.
Crazy Yiuf hits you with a +3 quarterstaff of chaos!
Ouch! That really hurt!
You die...

#.# #. #.# #.
###### #.# # .....#
### ######
#######♣♣ #####
......#.♣♣ ♣♣#..)#
###......♣♣♣♣.'.@g#
##......♣..♣#...#
##.#..♣.♣♣♣#####
###♣♣♣♣♣


You could see Crazy Yiuf.

Vanquished Creatures
  A hound (D:3)
  2 adders (D:2)
  A worm (D:2)
  A dart slug (D:2)
  An orc (D:3)
  4 bats
  4 endoplasms
  A giant cockroach (D:2)
  8 goblins
  3 hobgoblins
  3 jackals (D:1)
  3 ball pythons
  3 frilled lizards (D:2)
  5 kobolds
  4 rats
44 creatures vanquished.

Notes
Turn   | Place    | Note
-------+----------+-------------------------------------------
     0 | D:1      | porpoise the Spriggan Enchanter began the quest for the
                  | Orb.
     0 | D:1      | Reached XP level 1. HP: 9/9 MP: 5/5
   378 | D:1      | Reached XP level 2. HP: 14/14 MP: 7/7
   523 | D:1      | Learned a level 2 spell: Ensorcelled Hibernation
  1141 | D:2      | Reached XP level 3. HP: 16/17 MP: 2/8
  1273 | D:2      | Learned a level 3 spell: Ozocubu's Armour
  1277 | D:2      | Learned a level 3 spell: Confusing Touch
  1417 | D:2      | Found a faded altar of an unknown god.
  1433 | D:2      | You are sucked into a shaft and drop 2 floors!
  1486 | D:4      | Found a staircase to the Ecumenical Temple.
  1495 | Temple   | Entered the Ecumenical Temple
  1594 | Temple   | Became a worshipper of Hepliaklqana the Forgotten
  1750 | D:2      | Reached skill level 1 in Ice Magic
  1866 | D:2      | Reached skill level 5 in Stealth
  2262 | D:3      | Reached XP level 4. HP: 21/21 MP: 9/9
  2265 | D:3      | Noticed an ice beast
  2410 | D:3      | Found a burning altar of Makhleb.
  2650 | D:3      | Found a runed translucent door.
  2651 | D:3      | Noticed Crazy Yiuf
  2662 | D:3      | Mangled by Crazy Yiuf

Illustrated notes

Levels and vault maps discovered:
D:1:      dpeg_arrival_tiny_b, layout_rooms, serial_aquarium,
          aquarium_bridge_square [aquarium_subvault_balcony,
          aquarium_subvault_wall, aquarium_subvault_window,
          aquarium_subvault_bridge], aquarium_window_1, aquarium_window_fake,
          aquarium_window_1, aquarium_window_corridor_1, aquarium_view_2d
D:2:      layout_basic, hellmonk_ecumenical_altar_blasted,
          kennysheep_generic_room_5
D:3:      layout_loops_ring, mainiacjoe_overflow_six_doors_small,
          uniq_crazy_yiuf_cottage
D:4:      layout_loops_ring, minmay_overflow_temple_star_quad,
          minmay_temple_entry_slanted, dk_noncrumbling_3, minmay_door_square
Temple:   regret_index_temple_waves

Skill      XL: |  1  2  3 |
---------------+----------+-----
Spellcasting   | 3 |  3.0
Hexes          | 4 |  4.7
Ice Magic      | 1 |  1.4
Stealth        | 5 |  5.2
Fighting       | |  0.7
Short Blades   | |  1.3
Dodging        | |  2.6

Action                   |  1- 3 |  4- 6 || total
-------------------------+-------+-------++-------
Melee: Dagger            |   119 |    13 ||   132
       Punch             |     1 |       ||     1
Throw: Dart              |     5 |       ||     5
 Cast: Ensorcelled Hiber |    11 |       ||    11
       Confusing Touch   |     1 |       ||     1
  Use: Scroll            |     4 |       ||     4
 Stab: Sleeping          |    15 |     2 ||    17
       Confused          |     1 |       ||     1
Armor: Robe              |    16 |       ||    16
Dodge: Dodged            |    81 |    10 ||    91

Table legend: (Time is in decaauts)
 A = Elapsed time spent in this place.
 B = Non-inter-level travel time spent in this place.
 C = Inter-level travel time spent in this place.
 D = Time resting spent in this place.
 E = Time spent auto-exploring this place.
 F = Levels seen in this place.
 G = Mean time per level.
                   A        B        C        D        E       F      G
               +--------+--------+--------+--------+--------+-----+--------+
         Total |   1924 |   1825 |     99 |    430 |    963 |   5 |  384.8 |
       Dungeon |   1840 |   1774 |     66 |    430 |    921 |   4 |  460.0 |
        Temple |     83 |     50 |     33 |      0 |     42 |   1 |   83.0 |
               +--------+--------+--------+--------+--------+-----+--------+

Top non-repeatable levels by time:
     D:2: 789 daAuts
     D:1: 604 daAuts
     D:3: 380 daAuts
  Temple: 83 daAuts
     D:4: 67 daAuts
